Map: NeoHumanity LE

Players

KonyBeton

  • Race: Terran Terran
  • League: Platinum
  • Spawn Location: 11:00

grillbottom - Winner!

  • Race: Zerg Zerg
  • League: Gold
  • Spawn Location: 5:00

VOD

Have the link to the VOD?

Description

Time

  • Played on: April 10, 2023, 3:36 a.m.
  • Length: 14:30
Show
View Real Time Build Order
Export as new Build Order

KonyBeton Terran 

Build Orders:  

Get SALT Encoding   

  12  0:02  SCV  
  13  0:14  SCV  
  14  0:23  Supply Depot  
  14  0:26  SCV  
  15  0:44  Refinery  
  15  0:45  SCV  
  15  0:47  Barracks  
  16  0:57  SCV  
  17  1:09  SCV  
  18  1:21  SCV  
  19  1:33  SCV  
  19  1:37  Supply Depot  
  19  1:39  Marine  
  21  1:47  Refinery  
  21  1:49  Factory  
  21  1:52  Barracks  
  21  1:54  SCV  
  21  1:57  Marine  
  23  2:06  SCV  
  24  2:14  Marine  
  25  2:18  SCV  
  26  2:30  SCV  
  26  2:32  Starport  
  27  2:38  Hellion  
  29  2:44  Barracks Reactor  
  29  2:48  Orbital Command  
  29  2:52  Barracks Tech Lab  
  29  2:59  Factory Reactor  
  29  3:15  Viking  
  31  3:34  Marine  
  31  3:37  Marine  
  31  3:51  Command Center  
  31  3:54  Starport Tech Lab  
  31  3:59  Stimpack  
  31  4:04  Marine x3, Hellion x2  
  38  4:22  Marine  
  39  4:39  Bunker  
  39  4:57  Armory  
  39  5:00  Supply Depot  
  39  5:01  Supply Depot  
  39  5:02  Marine x2  
  39  5:03  Hellion x2  
  45  5:10  Supply Depot  
  45  5:12  SCV  
  46  5:22  Banshee  
  49  5:37  Supply Depot  
  49  5:41  Orbital Command  
  49  5:48  Marine x2  
  49  6:10  Barracks  
  49  6:12  Banshee  
  49  6:14  Marine x2  
  49  6:15  Marine x2  
  56  6:20  Supply Depot  
  56  6:29  SCV x2  
  58  6:35  Siege Tank  
  61  6:40  Refinery  
  61  6:41  SCV x2, Refinery  
  55  7:07  Siege Tank  
  58  7:13  Factory  
  58  7:25  Engineering Bay  
  58  7:27  Starport  
  58  7:42  Barracks Reactor  
  58  7:43  Siege Tank  
  47  8:04  Marine  
  47  8:05  Marine x3  
  44  8:15  Siege Tank  
  47  8:22  Marine x2, Factory Tech Lab  
  47  8:23  Marine x2  
  47  8:27  Orbital Command  
  51  8:31  Marine x2  
  53  8:40  Marine x2  
  55  8:47  Siege Tank  
  58  8:50  Starport Reactor  
  54  9:11  Siege Tank  
  47  9:48  SCV  
  47  9:50  Orbital Command  
  48  10:00  SCV  
  48  10:03  Marine x5  
  48  10:04  Marine  
  55  10:08  Medivac x2  
  55  10:12  SCV  
  62  10:14  Barracks  
  62  10:21  Marine x3  
  60  10:22  Marine  
  60  10:24  SCV  
  65  10:34  Missile Turret  
  65  10:36  SCV  
  65  10:39  Terran Infantry Weapons Level 1, Marine x4  
  65  10:41  Combat Shield  
  70  10:51  Marine  
  70  10:55  Supply Depot  
  70  10:56  Marine  
  70  10:57  Marine x3  
  72  10:58  Supply Depot, SCV x2  
  77  11:06  Terran Vehicle Weapons Level 1  
  77  11:09  Marine  
  78  11:16  SCV x2, Marine  
  78  11:17  Supply Depot  
  81  11:26  Supply Depot  
  81  11:31  Marine  
  81  11:32  Marine x3  
  85  11:34  Marine  
  85  11:36  Barracks Reactor  
  85  11:38  Barracks Tech Lab  
  86  11:41  Ghost Academy  
  86  11:49  Ghost Academy, Marine x3  
  86  11:50  Marine  
  86  11:52  Marine  
  91  11:59  Concussive Shells  
  91  12:10  Marauder, Marine x3  
  91  12:11  Marine  
  97  12:16  SCV x2  
  97  12:22  Command Center  
  99  12:28  SCV, Marine x3  
  99  12:29  Refinery  
  103  12:30  Refinery  
  103  12:31  Marauder  
  103  12:33  Terran Infantry Armor Level 1  
  87  12:53  Marauder  
  54  13:13  Siege Tank x2  
  54  13:14  Marauder  
  54  13:18  Orbital Command  
  54  13:19  Marine x3  
  59  13:35  Marine  
  59  13:37  Marine x2  
  30  13:51  Siege Tank  
  30  13:53  Marine  
  30  13:54  Marine  
  17  13:58  Marine  
Show
View Real Time Build Order
Export as new Build Order

grillbottom Zerg - Winner!

Build Orders: Hatch First 

Get SALT Encoding   

  12  0:01  Drone  
  13  0:30  Hatchery  
  13  0:35  Drone  
  13  0:38  Drone  
  13  0:42  Extractor  
  13  0:44  Extractor  
  13  0:47  Drone  
  13  0:52  Drone  
  16  0:58  Overlord  
  16  1:13  Spawning Pool  
  15  1:21  Drone x2  
  17  1:29  Overlord  
  17  1:41  Drone  
  17  1:44  Drone  
  19  1:51  Drone  
  19  1:53  Drone  
  21  2:00  Extractor  
  20  2:02  Extractor, Queen x2  
  20  2:06  Drone  
  24  2:08  Drone  
  24  2:12  Zergling x2  
  24  2:15  Zergling x2  
  28  2:22  Zergling x2  
  28  2:27  Drone  
  29  2:33  Zergling x2  
  29  2:36  Zergling x2  
  32  2:44  Drone  
  32  2:46  Zergling x2  
  33  2:52  Baneling Nest  
  33  2:55  Drone  
  33  3:02  Overlord  
  33  3:11  Overlord x2  
  33  3:24  Hatchery, Zergling x2, Overlord  
  33  3:25  Drone  
  28  3:42  Drone  
  28  3:43  Drone x4  
  33  3:53  Drone  
  33  3:55  Drone  
  35  3:56  Roach Warren  
  34  4:03  Drone  
  34  4:04  Drone  
  34  4:06  Drone  
  37  4:17  Drone  
  37  4:18  Drone  
  39  4:28  Drone x4  
  39  4:30  Drone x3  
  46  4:32  Drone  
  47  4:46  Zergling x6, Queen  
  47  4:50  Zergling x2  
  47  4:52  Roach x2  
  57  5:03  Roach x4  
  57  5:04  Overlord x2  
  65  5:10  Overlord x2  
  65  5:12  Zergling x2  
  65  5:13  Overlord  
  66  5:24  Drone x2  
  66  5:25  Drone  
  66  5:26  Roach  
  71  5:34  Drone  
  72  5:38  Drone x2  
  72  5:39  Roach x4  
  82  5:45  Roach x2  
  82  5:46  Roach  
  88  5:53  Drone  
  86  5:57  Metabolic Boost  
  86  6:02  Roach x9  
  104  6:04  Drone  
  104  6:06  Overlord  
  104  6:10  Ravager  
  104  6:11  Overlord  
  106  6:24  Overlord x2  
  106  6:25  Ravager  
  106  6:28  Ravager  
  106  6:30  Extractor  
  106  6:31  Drone x4  
  106  6:32  Extractor, Drone x5  
  115  6:36  Overlord  
  115  6:40  Roach x2  
  119  6:47  Roach  
  115  7:07  Drone x4  
  115  7:08  Roach x3  
  125  7:14  Roach, Zergling x4  
  125  7:15  Zergling x2  
  130  7:21  Drone x4  
  130  7:22  Roach  
  136  7:32  Drone x3  
  136  7:36  Spore Crawler  
  138  7:37  Spore Crawler  
  138  7:42  Lair  
  138  7:43  Spore Crawler, Roach x3  
  122  8:02  Roach x8  
  127  8:07  Roach  
  128  8:19  Roach x3  
  134  8:20  Zergling x2  
  134  8:24  Roach  
  131  8:32  Spore Crawler  
  123  8:40  Spire  
  120  8:45  Queen  
  116  8:54  Spore Crawler  
  116  8:55  Spore Crawler  
  110  8:56  Spore Crawler  
  110  8:59  Spore Crawler  
  110  9:00  Spore Crawler  
  105  9:03  Roach x7  
  105  9:04  Roach x6  
  129  9:11  Drone x3  
  129  9:12  Drone x4  
  134  9:19  Roach x2  
  134  9:21  Queen  
  134  9:23  Overlord  
  140  9:28  Spore Crawler, Roach  
  140  9:29  Roach  
  143  9:31  Spore Crawler  
  126  9:45  Roach x5  
  116  9:52  Drone  
  117  9:57  Queen  
  117  9:58  Mutalisk  
  121  10:08  Drone x6  
  121  10:09  Drone x2  
  129  10:14  Drone x2  
  129  10:15  Drone  
  129  10:17  Ravager  
  129  10:20  Ravager  
  135  10:21  Drone x2  
  135  10:23  Drone x2  
  135  10:24  Drone  
  135  10:26  Roach  
  141  10:34  Mutalisk  
  141  10:35  Zergling x6  
  146  10:38  Ravager  
  146  10:41  Overlord x2  
  146  10:42  Overseer  
  147  10:51  Roach x3  
  147  10:52  Hatchery  
  152  10:58  Corruptor  
  154  11:05  Overlord x5  
  154  11:06  Overlord  
  154  11:08  Roach  
  154  11:09  Roach  
  154  11:10  Zergling x2  
  159  11:12  Zergling x2  
  160  11:18  Ravager x2  
  162  11:26  Corruptor  
  162  11:32  Roach x2  
  168  11:33  Zergling x8  
  172  11:42  Roach x3  
  172  11:46  Zergling x2  
  179  11:48  Ravager  
  179  11:50  Roach x2  
  184  12:00  Roach x2  
  184  12:01  Roach  
  190  12:03  Ravager  
  191  12:17  Roach x2  
  191  12:18  Roach x2  
  199  12:28  Zergling x2  
  162  12:56  Roach x13  
  138  13:06  Roach x2  
  138  13:09  Roach x2  
  135  13:25  Roach x3  
  135  13:26  Roach x2  
  119  14:00  Roach x11  
  119  14:01  Roach  
Tags
 
Add a new tag
Caveats
  • Supply blocks, unpowered buildings, or Contaminate may cause inaccurate times.
  • Supply counts are checked every 10 seconds.